 Dungeon Crawl Stone Soup version 0.23.2-11-gf996548c65 (webtiles) character file.

Game seed: 5210900037974087965

572 steinardarri the Chiller (level 7, -3/48 HPs)
             Began as a Merfolk Ice Elementalist on June 3, 2019.
             Slain by Grinder (6 damage)
             ... on level 5 of the Dungeon on June 4, 2019.
             The game lasted 00:51:31 (8268 turns).

steinardarri the Chiller (Merfolk Ice Elementalist) Turns: 8268, Time: 00:51:31

Health: -3/48      AC: 13    Str:  9    XL:     7   Next: 34%
Magic:  5/10       EV: 12    Int: 15    God:
Gold:   209        SH:  0    Dex: 18    Spells: 1/11 levels left

rFire    . . .     SeeInvis .   p - +1 trident (protect)
rCold    . . .     Gourm    .   (no shield)
rNeg     . . .     Faith    .   (no armour)
rPois    .         Spirit   .   (no helmet)
rElec    .         Reflect  .   (no cloak)
rCorr    .         Harm     .   l - +0 pair of gloves {Dex+3}
MR       .....                  (no boots)
Stlth    ++........             (no amulet)
HPRegen  0.16/turn              (no ring)
MPRegen  0.12/turn              (no ring)

@: icy armour, protection aura, heavily drained
A: change form in water, swift swim, stealthy swim
a: no special abilities


You were on level 5 of the Dungeon.
You were very hungry.

You visited 1 branch of the dungeon, and saw 5 of its levels.

You collected 209 gold pieces.

Inventory:

Hand Weapons
 p - a +1 trident of protection (weapon)
Armour
 d - a +0 leather armour
 i - a cursed +0 scale mail
 l - a +0 pair of gloves of dexterity (worn)
Wands
 a - a wand of iceblast (16)
Scrolls
 e - a scroll of amnesia {unknown}
 h - a scroll of magic mapping {unknown}
 j - 3 scrolls of teleportation {unknown}
 k - a scroll of identify
 n - 2 scrolls of enchant weapon {unknown}
 q - a scroll of fog {unknown}
 s - a scroll of noise {unknown}
Potions
 b - 3 potions of heal wounds {unknown}
 g - a potion of lignification {unknown}
 m - a potion of brilliance {unknown}
 o - a potion of degeneration {unknown}
 r - 2 potions of curing {unknown}
 t - 2 potions of agility {unknown}
Comestibles
 c - 6 rations


   Skills:
 + Level 1.4(0.0) Fighting
 * Level 4.4(2.2) Polearms
 + Level 1.5(0.0) Armour
 + Level 3.4(1.3) Dodging
 - Level 2.1(0.1) Stealth
 - Level 2.6(0.5) Spellcasting
 - Level 2.1(0.0) Conjurations
 + Level 3.0(0.9) Charms
 + Level 1.3(0.0) Summonings
 + Level 4.9(2.7) Ice Magic


You had one spell level left.
You knew the following spells:

 Your Spells              Type           Power        Failure   Level  Hunger
a - Freeze                Ice            #...         9%          1    ##.....
b - Throw Frost           Conj/Ice       #.....       22%         2    ###....
c - Ozocubu's Armour      Chrm/Ice       #.......     34%         3    ####...
d - Summon Ice Beast      Ice/Summ       #.......     82%         4    #####..

Your spell library contained the following spells:

 Spells                   Type           Power        Failure   Level  Hunger
 Throw Icicle             Conj/Ice       #.......     82%         4    #####..


Dungeon Overview and Level Annotations

Branches:
Dungeon (5/15)
 Temple: D:4-7

Altars:
Cheibriados
Elyvilon
Gozag
Nemelex Xobeh

Annotations:
D:5 Grinder


Message History

* * * LOW HITPOINT WARNING * * *
You can move again.
Casting: Ozocubu's Armour (safe; 34% risk of failure)
Confirm with . or Enter, or press ? or * to list all spells.
A film of ice covers your body!
You are feeling very hungry.
The scorpion closely misses you. Grinder misses you.
You puncture Grinder!
Your weapon exudes an aura of protection.
Grinder is lightly wounded.
The scorpion stings you but does no damage.
Grinder hits you.
* * * LOW HITPOINT WARNING * * *
The scorpion closely misses you.
You barely miss Grinder.
Grinder is lightly wounded.
Grinder hits you.
* * * LOW HITPOINT WARNING * * *
You writhe in agony.
You die...

#...# #.# ##.#.##
#...# ##.##..##
#..Y###### ##.###.#.##
##.....Y.# #.###..##.#
.....###.# ##.##.##.##
....=###.# ##.#.#.##
......##Y# ##<..##
......##.###
########.##
...........#
#.@sY....#
###......#.#
#5#####..#
##..####.####.#####..#
#...............##..#
#.#####.####.##.....#
#.#####.# #.......##
#.......# #########
#########


You could see Grinder, an ice beast and a scorpion.

Vanquished Creatures
  Sigmund (D:4)
  Edmund (D:4)
  A howler monkey (D:4)
  Ijyb (D:3)
  A worker ant zombie (D:5)
  3 gnolls
  7 adders
  A shadow imp (D:5)
  2 worms (D:2)
  3 dart slugs
  A leopard gecko (D:1)
  25 orcs
  3 ball pythons
  12 bats
  4 giant cockroaches
  9 goblins
  12 hobgoblins
  2 jackals (D:1)
  8 kobolds
  3 quokkas
  2 frilled lizards (D:1)
  8 rats
110 creatures vanquished.

Notes
Turn   | Place    | Note
-------+----------+-------------------------------------------
     0 | D:1      | steinardarri the Merfolk Ice Elementalist began the quest
                  | for the Orb.
     0 | D:1      | Reached XP level 1. HP: 13/13 MP: 3/3
   219 | D:1      | Reached XP level 2. HP: 17/19 MP: 1/5
   573 | D:1      | Learned a level 2 spell: Throw Frost
   946 | D:1      | Reached skill level 1 in Conjurations
  1012 | D:1      | Reached XP level 3. HP: 18/24 MP: 0/6
  1017 | D:1      | Learned a level 3 spell: Ozocubu's Armour
  1735 | D:2      | Found an opulent altar of Gozag.
  1871 | D:2      | Found a white marble altar of Elyvilon.
  1978 | D:2      | Reached skill level 1 in Charms
  2358 | D:2      | Reached XP level 4. HP: 28/30 MP: 0/7
  3250 | D:2      | Reached skill level 1 in Polearms
  3250 | D:2      | Reached XP level 5. HP: 35/35 MP: 4/8
  4202 | D:3      | Found a snail-covered altar of Cheibriados.
  4317 | D:3      | Noticed Ijyb
  4326 | D:3      | Killed Ijyb
  4326 | D:3      | Reached skill level 1 in Armour
  5251 | D:3      | Reached XP level 6. HP: 30/41 MP: 5/9
  5531 | D:4      | Learned a level 4 spell: Summon Ice Beast
  5597 | D:4      | Found a sparkling altar of Nemelex Xobeh.
  5646 | D:4      | Noticed Sigmund
  6068 | D:5      | Entered Level 5 of the Dungeon
  6100 | D:5      | Found an opulent altar of Gozag.
  6120 | D:5      | Noticed Grinder
  6133 | D:5      | Paralysed by Grinder for 2 turns
  6460 | D:5      | Noticed Edmund
  6640 | D:4      | Killed Sigmund
  6640 | D:4      | Reached skill level 1 in Fighting
  6640 | D:4      | Reached XP level 7. HP: 48/48 MP: 0/10
  6788 | D:5      | Reached skill level 1 in Summonings
  6814 | D:4      | Killed Edmund
  8262 | D:5      | Paralysed by Grinder for 4 turns
  8268 | D:5      | Slain by Grinder

Skill      XL: |  1  2  3  4  5  6  7 |
---------------+----------------------+-----
Ice Magic      | 4 |  4.9
Conjurations   | 1 2 |  2.1
Charms         | 1 2 3 |  3.0
Polearms       | 1 2 3 4 |  4.4
Armour         | 1 |  1.5
Fighting       | 1 |  1.4
Dodging        | 3 |  3.4
Summonings     | 1 |  1.3
Stealth        | |  2.1
Spellcasting   | |  2.6

Action                   |  1- 3 |  4- 6 |  7- 9 || total
-------------------------+-------+-------+-------++-------
Melee: Unarmed           |     3 |       |       ||     3
       Club              |     8 |       |       ||     8
       Dagger            |    21 |       |       ||    21
       Spear             |     1 |    19 |       ||    20
       Trident           |       |    77 |    25 ||   102
 Cast: Freeze            |    40 |    54 |     9 ||   103
       Throw Frost       |    33 |    46 |     2 ||    81
       Ozocubu's Armour  |       |     9 |     3 ||    12
  Use: Scroll            |       |     3 |       ||     3
  Eat: Chunk             |     7 |    13 |       ||    20
       Ration            |       |     2 |     1 ||     3
Armor: Robe              |     9 |     9 |       ||    18
       Leather armour    |       |    25 |       ||    25
       Skin              |       |       |    11 ||    11
Dodge: Dodged            |    37 |   101 |    18 ||   156
